 Dungeon Crawl Stone Soup version 0.31-a0-986-g5e6e4ef867 (webtiles) character file.

Game seed: 4954654347932149272

30 grandjackal the Ducker (level 3, 0/29 HPs)
             Began as a Djinni Gladiator on Nov 17, 2023.
             Slain by Terence
             ... wielding a +0 falchion
              (2 damage)
             ... on level 2 of the Dungeon.
             The game lasted 00:01:34 (883 turns).

grandjackal the Ducker (Djinni Gladiator)            Turns: 883, Time: 00:01:34

Health: 0/29       AC:  5    Str: 13    XL:     3   Next: 35%
Gold:   36         EV: 13    Int: 11    God:
                   SH:  0    Dex: 14

rFire   + + .        a - +0 long sword
rCold   x . .        (no shield)
rNeg    . . .        b - +0 leather armour
rPois   ∞            c - +0 helmet
rElec   .            i - +0 cloak
rCorr   .            (no gloves)
SInv    .            (boots unavailable)
Will    .....        (no amulet)
Stlth   +            (no ring)
HPRegen 0.24/turn    (no ring)
MPRegen 0.00/turn

%: infuse magic (-1 HP)
@: flying
A: sickness immunity, fire resistance 2, cold vulnerability 1, float, innate
caster, HP casting, extra vitality 1
a: no special abilities


You were on level 2 of the Dungeon.
You visited 1 branch of the dungeon, and saw 2 of its levels.

You collected 36 gold pieces.

Inventory:

Hand Weapons
 a - a +0 long sword (weapon)
Missiles
 d - 3 throwing nets
 e - a javelin
 j - 9 poisoned darts (quivered)
Armour
 b - a +0 leather armour (worn)
 c - a +0 helmet (worn)
 i - a +0 cloak (worn)
Scrolls
 f - a scroll of teleportation {unknown}
 g - a scroll of immolation {unknown}
Potions
 h - 2 potions of curing {unknown}


   Skills:
 + Level 2.5 Fighting
 + Level 3.1 Long Blades
 - Level 1.5 Throwing
 + Level 3.8 Dodging


You knew the following spells:

 Your Spells              Type           Power      Damage    Failure   Level
a - Foxfire               Conj/Fire      0%         2x1d4     41%         1
Your spell library was empty.

Dungeon Overview and Level Annotations

Branches:
Dungeon (2/15)

Altars:
Makhleb

Annotations:
D:2 Terence


Innate Abilities, Weirdness & Mutations

You are immune to sickness and miasma.
You are immune to poison.
Your flesh is very heat resistant. (rF++)
You are vulnerable to cold. (rC-)
You float through the air rather than walking.
You learn spells naturally, not from books.
Your magical power is your life essence.
You have superior vitality. (+4 MHP)


Message History

The endoplasm quivers.
An endoplasm is nearby!
The endoplasm hits you.
You slash the endoplasm!
You kill the endoplasm!
No target in view!
No target in view!
Found a mace.
You see here a +0 mace.
A giant cockroach comes into view.
Terence and a worm come into view.
Found a pair of gloves.
The worm bites the fungus.
The fungus begins to die.
Terence shouts!
The giant cockroach misses you.
The worm bites the fungus!
You slash the giant cockroach!
You kill the giant cockroach!
You closely miss Terence.
A nearby fungus withers and dies.
Terence hits you with a +0 falchion!
You hit Terence but do no damage. Terence barely misses you.
You hit Terence but do no damage. Terence hits you with a +0 falchion.
Terence says, "Rest in peace."
Terence barely misses you.
You slash Terence!
Terence is heavily wounded.
Terence closely misses you.
You barely miss Terence.
Terence is heavily wounded.
Terence hits you with a +0 falchion!
You are too injured to fight recklessly!
You are too injured to fight recklessly!
You are too injured to fight recklessly!
You hit Terence but do no damage.
Terence is heavily wounded.
Terence hits you with a +0 falchion.
You hit Terence.
Terence is severely wounded.
Terence hits you with a +0 falchion!
* * * LOW HITPOINT WARNING * * *
Terence hits you with a +0 falchion.
You die...

####### #. .
....... ...### .
##### .[....###.
# ...PP....+####
# .PPPPP.......#
# .....PPw.....#
# P..8.PP..@...#
.P...P..@....#
.PPP..†..+####
..PP...##.#
#.....# #)#
######
#.###############
#................
#################


You could see Terence and a worm.

Vanquished Creatures
  2 adders (D:2)
  An endoplasm (D:2)
  2 giant cockroaches
  A hobgoblin (D:1)
  A quokka (D:2)
  2 ball pythons (D:1)
  A kobold (D:1)
  3 rats (D:1)
13 creatures vanquished.

Notes
Turn   | Place    | Note
-------+----------+-------------------------------------------
     0 | D:1      | grandjackal the Djinni Gladiator began the quest for the
                  | Orb.
     0 | D:1      | Reached XP level 1. HP: 18/18 MP: 0/0
   261 | D:1      | Found a faded altar of an unknown god.
   261 | D:1      | Noticed a crimson imp
   409 | D:1      | Reached XP level 2. HP: 23/23 MP: 0/0
   816 | D:2      | Reached XP level 3. HP: 25/29 MP: 0/0
   816 | D:2      | Learned a level 1 spell: Foxfire
   835 | D:2      | Found a burning altar of Makhleb.
   873 | D:2      | Noticed Terence
   883 | D:2      | Slain by Terence

Illustrated notes

Levels and vault maps discovered:
D:1:      mainiacjoe_arrival_reflecting_pool, layout_basic,
          dreamdust_ecumenical_altar_sealed_demon, minmay_fountain_box
D:2:      layout_basic, basic_altar, dreamdust_mushroom_princess,
          due_unseen_surprise, uniq_terence

Skill      XL: |  1  2 |
---------------+-------+-----
Long Blades    | 3 |  3.1
Fighting       | |  2.5
Throwing       | |  1.5
Dodging        | |  3.8

Action                     || total
---------------------------++-------
  Melee: Long sword        ||    37
 Armour: Leather armour    ||    19
  Dodge: Dodged            ||    32

Table legend: (Time is in decaauts)
 A = Elapsed time spent in this place.
 B = Non-inter-level travel time spent in this place.
 C = Inter-level travel time spent in this place.
 D = Time resting spent in this place.
 E = Time spent auto-exploring this place.
 F = Levels seen in this place.
 G = Mean time per level.
                   A        B        C        D        E       F      G
               +--------+--------+--------+--------+--------+-----+--------+
         Total |    892 |    851 |     41 |     16 |    680 |   2 |  446.0 |
       Dungeon |    892 |    851 |     41 |     16 |    680 |   2 |  446.0 |
               +--------+--------+--------+--------+--------+-----+--------+

Top non-repeatable levels by time:
     D:1: 743 daAuts
     D:2: 148 daAuts
